 Dungeon Crawl Stone Soup version 0.29-a0-668-g12ee2bf84d (webtiles) character file.

Game seed: 4797519167541925952

44 Sabo the Skirmisher (level 3, -1/33 HPs)
             Began as a Hill Orc Fighter on June 23, 2022.
             Slain by an orc
             ... wielding a +0 trident
              (3 damage)
             ... on level 2 of the Dungeon.
             The game lasted 00:09:03 (1863 turns).

Sabo the Skirmisher (Hill Orc Fighter)              Turns: 1863, Time: 00:09:05

Health: -1/33      AC: 10    Str: 20    XL:     3   Next: 62%
Magic:  3/3        EV:  9    Int:  8    God:
Gold:   49         SH:  4    Dex: 10    Spells: 2/2 levels left

rFire   . . .      SeeInvis .   a - +0 war axe
rCold   . . .      Faith    .   c - +0 buckler
rNeg    . . .      Spirit   .   b - +0 scale mail
rPois   .          Reflect  .   (no helmet)
rElec   .          Harm     .   (no cloak)
rCorr   .          Rampage  .   l - +2 pair of gloves
Will    .....                   (no boots)
Stlth   ..........              (no amulet)
HPRegen 0.11/turn               (no ring)
MPRegen 0.08/turn               (no ring)

@: mighty
A: no striking features
a: Convert to Beogh


You were on level 2 of the Dungeon.
You visited 1 branch of the dungeon, and saw 2 of its levels.

You collected 73 gold pieces.
You spent 24 gold pieces at shops.

Inventory:

Hand Weapons
 a - a +0 war axe (weapon)
Missiles
 k - 6 boomerangs (quivered)
Armour
 b - a +0 scale mail (worn)
 c - a +0 buckler (worn)
 l - a +2 pair of gloves (worn)
Jewellery
 j - an amulet of faith
Scrolls
 e - a scroll of identify
 f - a scroll of teleportation
 g - 3 scrolls of fog
 h - a scroll of silence {unknown}
 i - a scroll of immolation {unknown}


   Skills:
 + Level 3.9 Fighting
 + Level 3.7 Axes
 + Level 3.6 Armour
 + Level 0.5 Dodging
 + Level 0.1 Stealth
 + Level 3.6 Shields


You had 2 spell levels left.
You didn't know any spells.
Your spell library contained the following spells:

 Spells                   Type           Power      Damage    Failure   Level
 Ignite Poison            Fire/Tmut/Pois 0%         N/A       99%         3
 Mephitic Cloud           Conj/Pois/Air  0%         N/A       99%         3
 Freezing Cloud           Conj/Ice/Air   0%         6-21      100%        5


Dungeon Overview and Level Annotations

Branches:
Dungeon (2/15)

Altars:

Shops:
D:1 ?


Message History

g - 2 scrolls of fog You see here 3 stones.
Found 13 gold pieces.
You now have 49 gold pieces (gained 13).
Found a scroll of fog.
g - 3 scrolls of fog (gained 1)
An orc priest comes into view. It is wielding a +0 dagger.
The orc priest threatens, "By the altar or by the axe, you will meet Beogh!" (press Y on the ability menu to convert to Beogh)
The orc priest shouts!
An orc comes into view. It is wielding a +0 club.
There are monsters nearby!
You bow before the missionary of Beogh.
A bat, an orc and an orc priest come into view.
The orc priest invokes the aid of Beogh against you.
Beogh smites you! The orc priest closely misses you.
The orc moves out of view.
The orc priest shouts, "Join the one true god or die!"
You completely miss the orc priest.
The orc priest mumbles some strange prayers to Beogh against you.
Beogh smites you! You block the orc priest's attack.
You closely miss the orc priest.
The orc priest miscasts a cantrip.
The orc hits you from afar with a +0 trident.
* * * LOW HITPOINT WARNING * * *
You feel very mighty all of a sudden. The orc priest barely misses you.
The orc priest begins to cast a cantrip, but forgets the words!
The orc hits you but does no damage.
You hit the orc priest.
The orc priest is moderately wounded.
The orc priest closely misses you.
The orc hits you from afar with a +0 trident.
* * * LOW HITPOINT WARNING * * *
You slash the orc priest!
The orc priest is almost dead.
The orc priest barely misses you.
The orc hits you from afar with a +0 trident.
* * * LOW HITPOINT WARNING * * *
The orc hits you from afar with a +0 trident.
You die...

######## #......#
########.####.#
#bo@..##.####.#
#o###.......#.#
.o #.##.##.#.#
... #.##.##.#.#
#.# ..##......# #
.#######.########
#. #.#......# #
#......#.#
##.#..##.#.#


You could see 2 orc priests, an orc and a bat.

Vanquished Creatures
  2 worms (D:2)
  A dart slug (D:1)
  4 bats (D:1)
  2 endoplasms (D:1)
  3 giant cockroaches (D:1)
  3 hobgoblins
  3 quokkas (D:1)
  4 ball pythons (D:1)
  2 frilled lizards (D:1)
  2 goblins (D:1)
  3 kobolds
  5 rats
34 creatures vanquished.

Notes
Turn   | Place    | Note
-------+----------+-------------------------------------------
     0 | D:1      | Sabo the Hill Orc Fighter began the quest for the Orb.
     0 | D:1      | Reached XP level 1. HP: 19/19 MP: 1/1
   316 | D:1      | Reached XP level 2. HP: 23/27 MP: 2/2
   377 | D:1      | Found Noezeoh's Magic Scroll Emporium.
   701 | D:1      | Reached XP level 3. HP: 33/33 MP: 3/3
  1417 | D:1      | Bought a scroll of identify for 24 gold pieces
  1863 | D:2      | Slain by an orc

Illustrated notes

Levels and vault maps discovered:
D:1:      dpeg_arrival_another_circle, layout_loops_ring, serial_shops, shop,
          grunt_decor_fettered, minmay_domino_2
D:2:      kennysheep_big_flooded_room, layout_loops_cross

Skill      XL: |  1 |
---------------+----+-----
Axes           | 3 |  3.7
Fighting       | |  3.9
Armour         | |  3.6
Dodging        | |  0.5
Stealth        | |  0.1
Shields        | |  3.6

Action                   || total
-------------------------++-------
Melee: War axe           ||   101
  Use: Scroll            ||     3
       Potion            ||     1
Armor: Scale mail        ||    62
Dodge: Dodged            ||    67
Block: Buckler           ||    21

Table legend: (Time is in decaauts)
 A = Elapsed time spent in this place.
 B = Non-inter-level travel time spent in this place.
 C = Inter-level travel time spent in this place.
 D = Time resting spent in this place.
 E = Time spent auto-exploring this place.
 F = Levels seen in this place.
 G = Mean time per level.
                   A        B        C        D        E       F      G
               +--------+--------+--------+--------+--------+-----+--------+
         Total |   1900 |   1900 |      0 |    472 |      0 |   2 |  950.0 |
       Dungeon |   1900 |   1900 |      0 |    472 |      0 |   2 |  950.0 |
               +--------+--------+--------+--------+--------+-----+--------+

Top non-repeatable levels by time:
     D:1: 1518 daAuts
     D:2: 381 daAuts
